 Dungeon Sprint DCSS version 0.26-a0-849-gf1512cd430 (webtiles) character file.

Game seed: 1287120764302618596

65 Conn the Firebug (level 4, -27/40 HPs)
             Began as an Octopode Fire Elementalist on Nov 20, 2020.
             Was an Elder of Vehumet.
             Killed from afar by a deep elf mage (33 damage)
             ... with a bolt of magma
             ... in the Dungeon (Sprint VII: "The Pits").
             The game lasted 00:03:22 (477 turns).

Conn the Firebug (Octopode Fire Elementalist)        Turns: 477, Time: 00:03:26

Health: -27/40     AC:  1    Str:  7    XL:     4   Next: 13%
Magic:  9/9        EV: 14    Int: 18    God:    Vehumet [****..]
Gold:   0          SH:  0    Dex: 12    Spells: 4/10 levels left

rFire    . . .     SeeInvis .   a - +2 dagger (drain)
rCold    . . .     Faith    .   (no shield)
rNeg     . . .     Spirit   .   (helmet restricted)
rPois    .         Reflect  .   (no amulet)
rElec    .         Harm     .   (no ring)
rCorr    .         Rampage  .   (no ring)
MR       .....     NoTele   +   (no ring)
Stlth    ..........             (no ring)
HPRegen  0.13/turn              (no ring)
MPRegen  0.11/turn              (no ring)
                                (no ring)
                                (no ring)

@: berserking, very quick
A: almost no armour, stealthy swim, amphibious, 8 rings, constrict 8, camouflage
1, gelatinous body 1
a: Renounce Religion


You were in the Dungeon.
You worshipped Vehumet.
Vehumet was greatly pleased with you.
You visited 1 branch

Inventory:

Hand Weapons
 a - a +2 dagger of draining (weapon)
Scrolls
 g - a scroll of blinking
 i - 3 scrolls of remove curse
 j - 5 scrolls of amnesia
 k - a scroll of summoning
Potions
 b - 6 potions of curing
 c - 5 potions of heal wounds
 d - a potion of haste
 e - 5 potions of magic
 f - 2 potions of berserk rage
 h - 2 potions of invisibility


   Skills:
 + Level 0.3 Fighting
 + Level 1.6 Short Blades
 + Level 3.3 Dodging
 + Level 4.1 Stealth
 * Level 3.5 Spellcasting
 * Level 2.6 Conjurations
 + Level 4.8 Fire Magic
 * Level 1.7 Ice Magic
 * Level 1.0 Air Magic
 * Level 1.0 Earth Magic


You had 4 spell levels left.
You knew the following spells:

 Your Spells              Type           Power        Failure   Level
a - Foxfire               Conj/Fire      ###.         1%          1
b - Freeze                Ice            #...         2%          1
c - Sandblast             Erth           #.....       2%          1
d - Static Discharge      Conj/Air       #.......     6%          3

Your spell library contained the following spells:

 Spells                   Type           Power        Failure   Level
 Frozen Ramparts          Ice            #.....       6%          3
 Conjure Flame            Conj/Fire      ###.....     2%          3
 Inner Flame              Hex/Fire       ##......     4%          3
 Sticky Flame             Conj/Fire      ###.....     9%          4
 Fireball                 Conj/Fire      ###.......   24%         5


Dungeon Overview and Level Annotations

Branches:
Dungeon (1/1)

Altars:
Ashenzari
Cheibriados
Dithmenos
Elyvilon
Fedhas
Gozag
Hepliaklqana
Kikubaaqudgha
Makhleb
Nemelex Xobeh
Okawaru
Qazlal
Ru
Sif Muna
Trog
Uskayaw
Vehumet
Wu Jian
Xom
Yredelemnul
Zin
The Shining One
Beogh
Jiyva
Lugonu


Innate Abilities, Weirdness & Mutations

You cannot wear most types of armour.
You are very stealthy in the water. (Stealth+)
You are amphibious.
You can wear up to eight rings at the same time.
You can use your tentacles to constrict eight enemies at once.
Your skin changes colour to match your surroundings (Stealth+).
Your rubbery body absorbs attacks. (AC +1, EV +1)


Message History

You feel yourself moving faster!
You feel mighty! The deep elf mage casts a spell at you.
The stone arrow hits you!!
Ouch! That really hurt!
* * * LOW HITPOINT WARNING * * *
You barely miss the deep elf mage. You grab the deep elf mage.
The deep elf mage is moderately wounded.
You constrict the deep elf mage.
The deep elf mage hits you with a +0 dagger.
* * * LOW HITPOINT WARNING * * *
You puncture the deep elf mage! You drain the deep elf mage.
The deep elf mage is severely wounded.
You constrict the deep elf mage, but do no damage.
You puncture the deep elf mage!
The deep elf mage is almost dead.
You constrict the deep elf mage, but do no damage.
The deep elf mage points at you and mumbles some strange words.
The bolt of magma hits you!!
Ouch! That really hurt!
You die...

#.#........##.......#
#.#........##.......#
#'###########.......#
#.......# #########
#..###..# #...[...#
##.###.## #.......#
#..###e@#+#
#.......'.#
###########


You could see a deep elf mage (drained).

Vanquished Creatures
  Jessica (D)
  A gnoll (D)
  2 ufetubi (D)
  An adder skeleton (D)
  A worm (D)
  A leopard gecko (D)
  A bat (D)
  A giant cockroach (D)
  A hobgoblin (D)
  A quokka (D)
  2 ball pythons (D)
  A frilled lizard (D)
  A leopard gecko zombie (D)
15 creatures vanquished.

Vanquished Creatures (others)
  10 foxfires (D)
10 creatures vanquished.

Grand Total: 25 creatures vanquished

Notes
Turn   | Place    | Note
-------+----------+-------------------------------------------
     0 | D        | Conn the Octopode Fire Elementalist began the quest for the
                  | Orb.
     0 | D        | Reached XP level 1. HP: 11/11 MP: 3/3
    44 | D        | Found a bloodstained altar of Trog.
    44 | D        | Found a shimmering blue altar of Sif Muna.
    44 | D        | Found a viscous altar of Jiyva.
    44 | D        | Found a hazy altar of Hepliaklqana.
    44 | D        | Found an opulent altar of Gozag.
    45 | D        | Found a glowing golden altar of the Shining One.
    45 | D        | Found a glowing silver altar of Zin.
    45 | D        | Found a basalt altar of Yredelemnul.
    45 | D        | Found a shimmering altar of Xom.
    45 | D        | Found an ornate altar of the Wu Jian Council.
    45 | D        | Found a sacrificial altar of Ru.
    45 | D        | Found a stormy altar of Qazlal.
    45 | D        | Found an iron altar of Okawaru.
    45 | D        | Found a sparkling altar of Nemelex Xobeh.
    45 | D        | Found a burning altar of Makhleb.
    45 | D        | Found a blossoming altar of Fedhas.
    45 | D        | Found a white marble altar of Elyvilon.
    45 | D        | Found a shadowy altar of Dithmenos.
    45 | D        | Found a snail-covered altar of Cheibriados.
    47 | D        | Found a corrupted altar of Lugonu.
    47 | D        | Found a radiant altar of Vehumet.
    47 | D        | Found a roughly hewn altar of Beogh.
    48 | D        | Found an ancient bone altar of Kikubaaqudgha.
    48 | D        | Found a hide-covered altar of Uskayaw.
    48 | D        | Found a broken altar of Ashenzari.
    55 | D        | Became a worshipper of Vehumet
    77 | D        | Reached XP level 2. HP: 17/17 MP: 3/5
    80 | D        | Reached * piety under Vehumet
    80 | D        | Offered knowledge of Freeze by Vehumet.
    87 | D        | Learned a level 1 spell: Freeze
   103 | D        | Reached ** piety under Vehumet
   103 | D        | Offered knowledge of Sandblast by Vehumet.
   104 | D        | Reached skill level 1 in Short Blades
   351 | D        | Learned a level 1 spell: Sandblast
   434 | D        | Offered knowledge of Static Discharge by Vehumet.
   435 | D        | Reached XP level 3. HP: 21/21 MP: 7/7
   439 | D        | Reached *** piety under Vehumet
   445 | D        | Learned a level 3 spell: Static Discharge
   452 | D        | Offered knowledge of Frozen Ramparts by Vehumet.
   454 | D        | Noticed Jessica
   456 | D        | Killed Jessica
   457 | D        | Reached skill level 1 in Ice Magic
   457 | D        | Reached skill level 1 in Air Magic
   457 | D        | Reached skill level 1 in Earth Magic
   457 | D        | Reached XP level 4. HP: 26/27 MP: 7/9
   465 | D        | Reached **** piety under Vehumet
   470 | D        | Noticed a deep elf mage
   477 | D        | Killed from afar by a deep elf mage

Illustrated notes

Levels and vault maps discovered:
D:        pitsprint [storerooms_1, entrance_room_1, metal_vault_3, armoury_1,
          mini_pit_1, grid_room_1, main_hall_1, silver_pit, the_coven_1,
          the_vestibule_1, steel_vault_5, golden_pit, hallway_of_sentries,
          crystal_vault_6, iron_vault_2, final_vault]

Skill      XL: |  1  2  3 |
---------------+----------+-----
Stealth        | 3 4 |  4.1
Fire Magic     | 4 |  4.8
Short Blades   | 1 |  1.6
Dodging        | 3 |  3.3
Spellcasting   | 3 |  3.5
Conjurations   | 2 |  2.6
Ice Magic      | 1 |  1.7
Air Magic      | 1 |  1.0
Earth Magic    | 1 |  1.0
Fighting       | |  0.3

Action                   |  1- 3 |  4- 6 || total
-------------------------+-------+-------++-------
Melee: Dagger            |    23 |     6 ||    29
       Constrict         |     7 |     1 ||     8
       Tentacles         |     6 |       ||     6
 Cast: Foxfire           |     5 |       ||     5
  Use: Potion            |     1 |     1 ||     2
 Stab: Sleeping          |     4 |     3 ||     7
Armor: Skin              |     2 |       ||     2
Dodge: Dodged            |    28 |       ||    28

Table legend: (Time is in decaauts)
 A = Elapsed time spent in this place.
 B = Non-inter-level travel time spent in this place.
 C = Inter-level travel time spent in this place.
 D = Time resting spent in this place.
 E = Time spent auto-exploring this place.
 F = Levels seen in this place.
 G = Mean time per level.
                   A        B        C        D        E       F      G
               +--------+--------+--------+--------+--------+-----+--------+
         Total |    474 |    474 |      0 |    238 |      0 |   1 |  474.0 |
       Dungeon |    474 |    474 |      0 |    238 |      0 |   1 |  474.0 |
               +--------+--------+--------+--------+--------+-----+--------+

Top non-repeatable levels by time:
       D: 474 daAuts
